 Dungeon Crawl Stone Soup version 0.21-a0-404-g291f19a (webtiles) character file.

4869 Dorkslayer the Blocker (level 10, -5/82 HPs)
             Began as a Gnoll Fighter on Oct 29, 2017.
             Was a Follower of the Shining One.
             Engulfed by a cloud of flame (11 damage)
             ... on level 8 of the Dungeon.
             The game lasted 00:27:11 (5923 turns).

Dorkslayer the Blocker (Gnoll Fighter)              Turns: 5923, Time: 00:27:11

Health: -5/82      AC: 27    Str: 23    XL:     10   Next: 50%
Magic:  17/17      EV: 10    Int: 10    God:    the Shining One [*.....]
Gold:   118        SH:  8    Dex: 14    Spells: 19/19 levels left

rFire    . . .     SeeInvis .   a - +3 war axe
rCold    . . .     Gourm    .   D - +2 buckler
rNeg     . . .     Faith    .   G - +2 plate armour
rPois    .         Spirit   .   s - +2 hat
rElec    .         Reflect  .   i - +0 cloak
rCorr    .         Harm     .   r - +0 pair of gloves
MR       +....                  y - +0 pair of boots
Stlth    ..........             (no amulet)
HPRegen  0.23/turn              A - ring of protection from magic
MPRegen  0.15/turn              H - +3 ring of protection

@: glowing
A: distributed training, fangs 1, yellow scales 1, sturdy frame 1, strong nose
a: Renounce Religion


You were on level 8 of the Dungeon.
You worshipped the Shining One.
The Shining One was aware of your devotion.
You were not hungry.

You visited 2 branches of the dungeon, and saw 9 of its levels.

You collected 500 gold pieces.
You spent 382 gold pieces at shops.

Inventory:

Hand Weapons
 a - a +3 war axe (weapon)
Missiles
 E - 3 tomahawks (quivered)
Armour
 i - a +0 cloak (worn)
 r - a +0 pair of gloves (worn)
 s - a +2 hat (worn)
 y - a +0 pair of boots (worn)
 D - a +2 buckler (worn)
 G - a +2 plate armour (worn)
Jewellery
 v - an uncursed ring of wizardry
 x - an uncursed ring of flight
 A - a ring of protection from magic (left hand)
 H - a +3 ring of protection (right hand)
Wands
 F - a wand of flame (13/48)
Scrolls
 e - a scroll of recharging
 j - a scroll of fear {unknown}
 k - a scroll of blinking {unknown}
 l - 2 scrolls of random uselessness {unknown}
 m - 3 scrolls of remove curse
 o - a scroll of immolation
 p - 3 scrolls of amnesia
 q - 4 scrolls of magic mapping
 C - a scroll of noise {unknown}
Potions
 b - 2 potions of curing {unknown}
 c - a potion of agility
 d - 2 potions of brilliance
 g - a potion of resistance
 t - a potion of lignification
 z - 3 potions of flight
Comestibles
 f - 8 bread rations
 h - a chunk of flesh
 u - 3 royal jellies
 w - a meat ration


   Skills:
 + Level 8.5 Fighting
 + Level 5.2 Short Blades
 + Level 5.2 Long Blades
 + Level 7.0 Axes
 + Level 5.2 Maces & Flails
 + Level 5.2 Polearms
 + Level 5.2 Staves
 + Level 5.2 Slings
 + Level 5.2 Bows
 + Level 5.2 Crossbows
 + Level 5.2 Throwing
 + Level 8.5 Armour
 + Level 5.2 Dodging
 + Level 5.2 Stealth
 + Level 8.5 Shields
 + Level 5.2 Unarmed Combat
 + Level 5.2 Spellcasting
 + Level 4.3 Conjurations
 + Level 4.3 Hexes
 + Level 4.3 Charms
 + Level 4.3 Summonings
 + Level 4.3 Necromancy
 + Level 4.3 Translocations
 + Level 4.3 Transmutations
 + Level 4.3 Fire Magic
 + Level 4.3 Ice Magic
 + Level 4.3 Air Magic
 + Level 4.3 Earth Magic
 + Level 4.3 Poison Magic
 + Level 5.7 Invocations
 + Level 5.2 Evocations


You had 19 spell levels left.
You didn't know any spells.

Dungeon Overview and Level Annotations

Branches:
Dungeon (8/15)             Temple (1/1) D:5
   Lair: D:8-11

Altars:
Ashenzari
Cheibriados
Dithmenos
Elyvilon
Fedhas
Gozag
Hepliaklqana
Kikubaaqudgha
Makhleb
Nemelex Xobeh
Okawaru
Qazlal
Ru
Sif Muna
Trog
Uskayaw
Vehumet
Wu Jian
Xom
Yredelemnul
Zin
The Shining One
Beogh

Shops:
D:5 ?(?%*   D:6 [

Annotations:
D:8 Gastronok


Innate Abilities, Weirdness & Mutations

Your experience applies equally to all skills.
You have very sharp teeth.
Your uncanny sense of smell can sniff out nearby items.
You are partially covered in yellow scales. (AC +2)
Your movements are slightly less encumbered by armour. (ER -2)


Message History

You slash Gastronok!
Gastronok is heavily wounded.
You hear a shout!
Gastronok waves his eye-stalks in wide circles.
The air twists around and strikes you!
* * * LOW HITPOINT WARNING * * *
As you read the scroll of immolation, it crumbles to dust.
The creatures around you are filled with an inner flame!
The orc hits you but does no damage.
Gastronok mumbles some strange words.
You see here a tomahawk.
You slash the orc!
The orc explodes!
The fiery explosion engulfs you!
* * * LOW HITPOINT WARNING * * *
The fiery explosion engulfs the bat.
You kill the bat!
The bat's corpse disappears in a puff of smoke!
You are engulfed in blazing flames.
You die...

#. #..........
.#..##..........#
..#.%...........#
...#........$..
...........###.
##..r.......#...
##.w(...........#
#...§§.......#...
#.#.§§@........#
..
#.§§§.......#..
..o
##....)[.......
.[ ##....<.#....
. #.....## #.#
#.##### ...# ....
.....


You could see Gastronok (inner flame) and a rat.

Vanquished Creatures
  A two-headed ogre (D:8)
  The ghost of RebelPilot31 the Basher, a novice MiFi (D:7)
  Pikel (D:7)
  Eustachio (D:5)
  2 orc warriors
  A slave (D:7)
  2 ice beasts
  2 sky beasts
  A necrophage (D:5)
  A phantom (D:5)
  2 centaurs
  3 ogres
  A wyvern zombie (D:7)
  Blork the orc (D:5)
  5 bullfrogs
  A scorpion (D:5)
  5 killer bees (D:7)
  3 wights (D:7)
  3 crimson imps
  A bullfrog zombie (D:6)
  3 hounds
  5 orc wizards (D:5)
  2 orc priests
  6 worker ants
  13 gnolls
  6 adders
  3 adder skeletons
  2 worms
  2 dart slugs (D:1)
  9 leopard geckos
  33 orcs
  3 ball pythons
  6 giant cockroaches
  8 goblins
  10 hobgoblins
  11 kobolds
  A quokka (D:2)
  6 bats
  5 frilled lizards
  A quokka zombie (D:6)
  9 rats
  A bush (D:1)
183 creatures vanquished.

Vanquished Creatures (collateral kills)
  Prince Ribbit (D:5)
1 creature vanquished.

Grand Total: 184 creatures vanquished

Notes
Turn   | Place    | Note
-------+----------+-------------------------------------------
     0 | D:1      | Dorkslayer the Gnoll Fighter began the quest for the Orb.
     0 | D:1      | Reached XP level 1. HP: 23/23 MP: 1/1
    90 | D:1      | Reached XP level 2. HP: 17/29 MP: 2/2
   321 | D:1      | Reached XP level 3. HP: 35/35 MP: 3/3
   593 | D:1      | Reached skill level 1 in Invocations
   741 | D:1      | Reached skill level 1 in Short Blades
   741 | D:1      | Reached skill level 1 in Long Blades
   741 | D:1      | Reached skill level 1 in Maces & Flails
   741 | D:1      | Reached skill level 1 in Polearms
   741 | D:1      | Reached skill level 1 in Staves
   741 | D:1      | Reached skill level 1 in Slings
   741 | D:1      | Reached skill level 1 in Bows
   741 | D:1      | Reached skill level 1 in Crossbows
   741 | D:1      | Reached skill level 1 in Throwing
   741 | D:1      | Reached skill level 1 in Dodging
   741 | D:1      | Reached skill level 1 in Stealth
   741 | D:1      | Reached skill level 1 in Unarmed Combat
   741 | D:1      | Reached skill level 1 in Spellcasting
   741 | D:1      | Reached skill level 1 in Evocations
   804 | D:2      | Reached XP level 4. HP: 37/41 MP: 5/5
  1220 | D:2      | Reached skill level 1 in Conjurations
  1220 | D:2      | Reached skill level 1 in Hexes
  1220 | D:2      | Reached skill level 1 in Charms
  1220 | D:2      | Reached skill level 1 in Summonings
  1220 | D:2      | Reached skill level 1 in Necromancy
  1220 | D:2      | Reached skill level 1 in Translocations
  1220 | D:2      | Reached skill level 1 in Transmutations
  1220 | D:2      | Reached skill level 1 in Fire Magic
  1220 | D:2      | Reached skill level 1 in Ice Magic
  1220 | D:2      | Reached skill level 1 in Air Magic
  1220 | D:2      | Reached skill level 1 in Earth Magic
  1220 | D:2      | Reached skill level 1 in Poison Magic
  1389 | D:2      | Reached XP level 5. HP: 36/47 MP: 6/6
  2006 | D:3      | Found an iron altar of Okawaru.
  2305 | D:4      | Noticed a centaur
  2309 | D:4      | Killed a centaur
  2309 | D:4      | Reached XP level 6. HP: 43/53 MP: 8/8
  2327 | D:4      | Reached skill level 5 in Axes
  2389 | D:4      | Reached XP level 7. HP: 12/59 MP: 10/10
  2445 | D:4      | Found a sacrificial altar of Ru.
  2777 | D:5      | Entered Level 5 of the Dungeon
  2943 | D:5      | Noticed Prince Ribbit
  2948 | D:5      | Reached XP level 8. HP: 51/67 MP: 12/12
  2961 | D:5      | Found Tydi's Magic Scroll Emporium.
  2994 | D:5      | Bought a scroll of summoning for 114 gold pieces
  2994 | D:5      | Bought a scroll of amnesia for 42 gold pieces
  3005 | D:5      | Killed Prince Ribbit
  3032 | D:5      | Found Nuypaum's Magic Scroll Emporium.
  3074 | D:5      | Bought a scroll of recharging for 114 gold pieces
  3074 | D:5      | Bought a scroll of identify for 24 gold pieces
  3074 | D:5      | Bought a scroll of identify for 24 gold pieces
  3100 | D:5      | Found Efoubb's Weapon Emporium.
  3135 | D:5      | Found a runed door.
  3448 | D:5      | Reached XP level 9. HP: 58/72 MP: 14/14
  3469 | D:5      | Found a roughly hewn altar of Beogh.
  3530 | D:5      | Found Relerho's Food Emporium.
  3572 | D:5      | Found Ehecw's General Store.
  3581 | D:5      | Bought a potion of might for 40 gold pieces
  3622 | D:5      | Noticed Eustachio
  3635 | D:5      | Killed Eustachio
  3671 | D:5      | Found a staircase to the Ecumenical Temple.
  3710 | D:5      | Noticed Blork the orc
  3718 | D:5      | Killed Blork the orc
  3835 | Temple   | Entered the Ecumenical Temple
  3886 | Temple   | Became a worshipper of Elyvilon the Healer
  3900 | Temple   | Fell from the grace of Elyvilon
  3900 | Temple   | Became a worshipper of the Shining One
  3996 | D:5      | Bought a scroll of identify for 24 gold pieces
  4105 | D:6      | Found Tekk's Antique Armour Boutique.
  4707 | D:6      | Reached * piety under the Shining One
  4972 | D:7      | Found a shimmering altar of Xom.
  5059 | D:7      | Gained mutation: You are partially covered in yellow scales. (AC +2) [potion of mutation]
  5059 | D:7      | Gained mutation: Your movements are slightly less encumbered by armour. (ER -2) [potion of mutation]
  5395 | D:7      | Noticed Pikel
  5398 | D:7      | Reached skill level 5 in Invocations
  5430 | D:7      | Killed Pikel
  5430 | D:7      | Reached XP level 10. HP: 69/80 MP: 15/17
  5628 | D:7      | Noticed RebelPilot31's ghost (novice MiFi)
  5660 | D:7      | Killed RebelPilot31's ghost
  5660 | D:7      | Reached skill level 5 in Short Blades
  5660 | D:7      | Reached skill level 5 in Long Blades
  5660 | D:7      | Reached skill level 5 in Maces & Flails
  5660 | D:7      | Reached skill level 5 in Polearms
  5660 | D:7      | Reached skill level 5 in Staves
  5660 | D:7      | Reached skill level 5 in Slings
  5660 | D:7      | Reached skill level 5 in Bows
  5660 | D:7      | Reached skill level 5 in Crossbows
  5660 | D:7      | Reached skill level 5 in Throwing
  5660 | D:7      | Reached skill level 5 in Dodging
  5660 | D:7      | Reached skill level 5 in Stealth
  5660 | D:7      | Reached skill level 5 in Unarmed Combat
  5660 | D:7      | Reached skill level 5 in Spellcasting
  5660 | D:7      | Reached skill level 5 in Evocations
  5862 | D:8      | Noticed a two-headed ogre
  5873 | D:8      | Killed a two-headed ogre
  5909 | D:8      | Noticed Gastronok
  5923 | D:8      | Engulfed by a cloud of flame

Vault maps used:
D:1:      dpeg_arrival_tiny_f, st_stairs_1, kennysheep_decorative_pillar,
          hex_tiny, lexackson_kobold_supper
D:3:      okawaru_trees_2
D:4:      nicolae_ru_awakened_eye, minmay_cupped
D:5:      temple_fountains, serial_shops, shop, nicolae_shop_stone,
          nicolae_shop_window_shopping, shop, shop_fountains, first_bread,
          hangedman_abyss_or_decor_lesser_grid, lightli_church_of_beogh,
          uniq_blork_the_orc, uniq_eustachio, uniq_prince_ribbit1
D:6:      serial_shops, kennysheep_little_box
D:7:      basic_altar, uniq_pikel
D:8:      lair_entry_dummy, david_nohive_1, uniq_gastronok
Temple:   kilobyte_greek_temple

Skill      XL: |  1  2  3  4  5  6  7  8  9 10 |
---------------+-------------------------------+-----
Invocations    | 1 2 3 4 5 |  5.7
Short Blades   | 1 2 3 4 5 |  5.2
Long Blades    | 1 2 3 4 5 |  5.2
Maces & Flails | 1 2 3 4 5 |  5.2
Polearms       | 1 2 3 4 5 |  5.2
Staves         | 1 2 3 4 5 |  5.2
Slings         | 1 2 3 4 5 |  5.2
Bows           | 1 2 3 4 5 |  5.2
Crossbows      | 1 2 3 4 5 |  5.2
Throwing       | 1 2 3 4 5 |  5.2
Dodging        | 1 2 3 4 5 |  5.2
Stealth        | 1 2 3 4 5 |  5.2
Unarmed Combat | 1 2 3 4 5 |  5.2
Spellcasting   | 1 2 3 4 5 |  5.2
Evocations     | 1 2 3 4 5 |  5.2
Conjurations   | 1 2 3 4 |  4.3
Hexes          | 1 2 3 4 |  4.3
Charms         | 1 2 3 4 |  4.3
Summonings     | 1 2 3 4 |  4.3
Necromancy     | 1 2 3 4 |  4.3
Translocations | 1 2 3 4 |  4.3
Transmutations | 1 2 3 4 |  4.3
Fire Magic     | 1 2 3 4 |  4.3
Ice Magic      | 1 2 3 4 |  4.3
Air Magic      | 1 2 3 4 |  4.3
Earth Magic    | 1 2 3 4 |  4.3
Poison Magic   | 1 2 3 4 |  4.3
Axes           | 5 6 7 |  7.0
Fighting       | 7 8 |  8.5
Armour         | 7 8 |  8.5
Shields        | 7 8 |  8.5

Action                   |  1- 3 |  4- 6 |  7- 9 | 10-12 || total
-------------------------+-------+-------+-------+-------++-------
Melee: War axe           |   121 |   140 |   236 |    54 ||   551
       Bite              |    14 |    15 |    26 |     5 ||    60
Throw: Tomahawk          |       |       |    13 |     4 ||    17
Evoke: Wand              |       |       |     6 |       ||     6
  Use: Potion            |       |     1 |    10 |       ||    11
       Scroll            |       |       |    23 |     1 ||    24
  Eat: Chunk             |       |     5 |    10 |     1 ||    16
       Fruit             |       |       |       |     3 ||     3
Armor: Scale mail        |    42 |    55 |    48 |       ||   145
       Plate armour      |       |       |    82 |    21 ||   103
Dodge: Dodged            |    32 |    36 |   119 |    19 ||   206
Block: Shield            |    46 |    82 |    51 |       ||   179
       Buckler           |       |       |    76 |    22 ||    98

Table legend:
 A = Spawn XP
 B = Non-spawn XP
 C = Spawn XP percentage of total XP
 D = Spawn monster count
 E = Non-spawn monster count
 F = Spawn count percentage of total count
 G = Total turns spent on level
                    A         B        C        D         E        F      G
               +---------+---------+-------+---------+---------+-------+---------
         Total |       0 |    6956 |   0.0 |       0 |     182 |   0.0 |  5923
               +---------+---------+-------+---------+---------+-------+---------
           D:1 |       0 |      79 |   0.0 |       0 |      35 |   0.0 |   794
           D:2 |       0 |     106 |   0.0 |       0 |      23 |   0.0 |   758
           D:3 |       0 |     103 |   0.0 |       0 |      21 |   0.0 |   730
           D:4 |       0 |     573 |   0.0 |       0 |      18 |   0.0 |   495
           D:5 |       0 |    1957 |   0.0 |       0 |      44 |   0.0 |  1140
           D:6 |       0 |     812 |   0.0 |       0 |      19 |   0.0 |   838
           D:7 |       0 |    2435 |   0.0 |       0 |      17 |   0.0 |  1028
           D:8 |       0 |     891 |   0.0 |       0 |       5 |   0.0 |    42
               +---------+---------+-------+---------+---------+-------+---------
